 Dungeon Crawl Stone Soup version bcrawl-1.28.5 (console) character file.

Game seed: 5481225625616284290

85983 GodsVoicemail the Magician (level 2, 19/19 HPs)
             Began as a Demonspawn Wizard on Feb 18, 2021.
             Quit the game on level 1 of the Dungeon on Feb 19, 2021.
             The game lasted 00:01:16 (407 turns).

GodsVoicemail the Magician (Demonspawn Wizard)       Turns: 407, Time: 00:01:16

Health: 19/19      AC:  2    Str:  7    XL:     2   Next: 3%
Magic:  6/6        EV: 12    Int: 19    God:
Gold:   55         SH:  0    Dex: 11    Spells: 6/7 levels left

rFire    . . .     SeeInvis .   g - +0 dagger
rCold    . . .     Gourm    .   (no shield)
rNeg     . . .     Faith    .   b - +0 robe
rPois    .         Spirit   +   c - +0 hat
rElec    .         Reflect  .   (no cloak)
rCorr    .         Harm     .   (no gloves)
MR       .....                  (no boots)
Stlth    ++........             (no amulet)
HPRegen  0.06/turn              (no ring)
MPRegen  0.10/turn              (no ring)

@: no status effects
A: magic shield
a: no special abilities


You were on level 1 of the Dungeon.
You were not hungry.

You visited 1 branch of the dungeon, and saw 1 of its levels.

You collected 55 gold pieces.

Inventory:

Hand Weapons
 a - a +0 staff
 g - a +0 dagger (weapon)
Armour
 b - a +0 robe (worn)
 c - a +0 hat (worn)
Scrolls
 d - a scroll of fog {unknown}
 h - a scroll of enchant armour {unknown}
Potions
 f - a potion of brilliance
Comestibles
 e - a ration {!d}


   Skills:
 - Level 1.7 Dodging
 - Level 2.0 Stealth
 - Level 3.0 Spellcasting
 * Level 2.1 Conjurations
   Level 1.0 Summonings
   Level 0.8 Translocations


You had 6 spell levels left.
You knew the following spells:

 Your Spells              Type           Power        Failure   Level  Hunger
a - Magic Dart            Conj           ##..         6%          1    None

Your spell library contained the following spells:

 Spells                   Type           Power        Failure   Level  Hunger
 Blink                    Tloc           N/A          16%         2    #......
 Call Imp                 Summ           #.....       16%         2    #......
 Conjure Flame            Conj/Fire      #.......     30%         3    ####...
 Mephitic Cloud           Conj/Pois/Air  #.......     34%         3    ####...
 Spider Form              Tmut/Pois      #..          41%         3    ####...


Dungeon Overview and Level Annotations

Branches:
Dungeon (1/12)

Altars:


Innate Abilities, Weirdness & Mutations

When hurt, damage is shared between your health and your magic reserves.


Message History

Press: ? - help, Shift-Dir - straight line, f - goblin
Aim: a goblin, wielding a +0 club (resting)
The magic dart hits the goblin.
You kill the goblin!
Your Conjurations skill increases to level 2!
There is an open door here.
A goblin comes into view. It is wielding a +0 dagger.
Casting: Magic Dart (safe; 7% risk of failure)
Confirm with . or Enter, or press ? or * to list all spells.
Aiming: Magic Dart (safe; 7% risk of failure)
Press: ? - help, Shift-Dir - straight line, f - goblin
Aim: a goblin, wielding a +0 dagger (resting)
The magic dart hits the goblin.
You kill the goblin!
You have reached level 2!
Your demonic ancestry asserts itself...
You feel your magical essence form a protective shroud around your flesh.
You start resting.
Magic restored.
Are you sure you want to abandon this character and quit the game? (Confirm with "yes".)

#....##.##...# #........
#....##+##...# #........
#....#.......# #....^...
#....#....##########........
##...'....#.................
#.###....#.........###...##
#)#......#......... ##....
P.#.#.#........... #....
♣P.≈...#...@....... #....
≈♣≈≈PPPP........... #....
≈PP♣≈≈≈P.P.>.....$.. #....
#PP♣≈♣≈≈P........... #....
#P. P♣♣♣≈≈≈.......... #....
#. P♣ ≈≈≈P≈.......... #....
♣≈PPP..####.### #....


PPPP.#. )# #.... There were no monsters in sight!

Vanquished Creatures
  A dart slug (D:1)
  A giant cockroach (D:1)
  3 goblins (D:1)
  A rat (D:1)
6 creatures vanquished.

Notes
Turn   | Place    | Note
-------+----------+-------------------------------------------
     0 | D:1      | GodsVoicemail the Demonspawn Wizard began the quest for the
                  | Orb.
     0 | D:1      | Reached XP level 1. HP: 13/13 MP: 4/4
   397 | D:1      | Gained mutation: When hurt, damage is shared between your
                  | health and your magic reserves. [demonic ancestry]
   397 | D:1      | Reached XP level 2. HP: 19/19 MP: 4/6
   407 | D:1      | Quit the game

Skill      XL: |  1 |
---------------+----+-----
Conjurations   | 2 |  2.1
Dodging        | |  1.7
Stealth        | |  2.0
Spellcasting   | |  3.0
Summonings     | |  1.0
Translocations | |  0.8

Action                   || total
-------------------------++-------
Melee: Dagger            ||     2
       Staff             ||     2
 Cast: Magic Dart        ||    11
Dodge: Dodged            ||     3
